 Dungeon Crawl Stone Soup version 0.20.0-10-g0535bb4 (webtiles) character file.

2978 kraftydee the Cruncher (level 9, -4/74 HPs)
             Began as a Red Draconian Artificer on June 5, 2017.
             Was a Believer of Qazlal.
             Slain by a two-headed ogre
             ... wielding a +0 giant spiked club
              (18 damage)
             ... on level 8 of the Dungeon.
             The game lasted 00:26:38 (7477 turns).

kraftydee the Cruncher (Red Draconian Artificer)    Turns: 7477, Time: 00:26:40

Health: -4/74      AC: 10    Str: 14    XL:     9   Next: 53%
Magic:  13/13      EV: 14    Int: 15    God:    Qazlal [**....]
Gold:   616        SH:  3    Dex: 12    Spells: 8/8 levels left

rFire    + . .     SeeInvis .   m - +6 quarterstaff (chaos)
rCold    . . .     Gourm    .   (shield currently unavailable)
rNeg     + . .     Faith    .   (armour unavailable)
rPois    +         Spirit   .   (helmet restricted)
rElec    .         Reflect  .   n - +2 cloak {rPois}
rCorr    .         Harm     .   (no gloves)
MR       .....                  (no boots)
Stlth    ++........             e - amulet of rage
Regen    0.3/turn               I - ring of positive energy
MPRegen  0.2/turn               u - ring of stealth

@: no status effects
A: breathe fire, unfitting armour, fire resistance 1, cold-blooded, AC +7
a: Breathe Fire, Upheaval, Renounce Religion, Evoke Berserk Rage


You were on level 8 of the Dungeon.
You worshipped Qazlal.
Qazlal was pleased with you.
You were not hungry.

You visited 2 branches of the dungeon, and saw 9 of its levels.
You also visited: Sewer and Ossuary.

You collected 616 gold pieces.

Inventory:

Hand Weapons
 a - a +0 short sword
 m - a +6 quarterstaff of chaos (weapon)
Armour
 n - a +2 cloak of poison resistance (worn)
Jewellery
 e - an amulet of rage (around neck)
 u - a ring of stealth (right hand)
 v - a cursed ring of teleportation
 y - an uncursed ring of poison resistance
 I - a ring of positive energy (left hand)
Wands
 b - a wand of flame (2/48)
 c - a wand of enslavement (12/24)
 d - a wand of random effects (1/48)
 B - a wand of random effects (6/48)
Scrolls
 j - a scroll of blinking
 l - 3 scrolls of identify
 o - 3 scrolls of remove curse
 p - 2 scrolls of fear
 w - 2 scrolls of teleportation
 E - a scroll of random uselessness
 J - a scroll of fog
Potions
 h - 3 potions of ambrosia
 i - 7 potions of curing
 k - 2 potions of agility {unknown}
 q - 7 potions of flight
 r - 3 potions of heal wounds
 s - 2 potions of brilliance
 A - a potion of mutation {unknown}
 C - 2 potions of lignification
 F - a potion of magic
 H - a potion of might {unknown}
Books
 x - a book of Flames

   Spells                             Type                      Level
   a - Flame Tongue                   Conjuration/Fire             1
   b - Throw Flame                    Conjuration/Fire             2
   c - Conjure Flame                  Conjuration/Fire             3
   d - Inner Flame                    Hexes/Fire                   3
   e - Sticky Flame                   Conjuration/Fire             4
   f - Fireball                       Conjuration/Fire             5
Comestibles
 f - 4 bread rations
 g - 3 meat rations
 t - 2 royal jellies
 z - 4 fruits


   Skills:
 + Level 5.1 Fighting
 - Level 2.0 Short Blades
 + Level 9.0 Staves
 + Level 5.6 Dodging
 - Level 1.7 Stealth
 + Level 6.4 Evocations


You had 8 spell levels left.
You didn't know any spells.

Dungeon Overview and Level Annotations

Branches:
Dungeon (8/15)             Temple (1/1) D:4
   Lair: D:8-11

Altars:
Ashenzari
Cheibriados
Dithmenos
Elyvilon
Fedhas
Gozag
Hepliaklqana
Kikubaaqudgha
Makhleb
Nemelex Xobeh
Okawaru
Qazlal
Ru
Sif Muna
Trog
Uskayaw
Vehumet
Xom
Yredelemnul
Zin
The Shining One


Innate Abilities, Weirdness & Mutations

You can breathe blasts of fire.
Your fiery red scales are hard. (AC +7)
You cannot fit into any form of body armour.
Your flesh is heat resistant. (rF+)
You are cold-blooded and may be slowed by cold attacks.


Message History

The two-headed ogre shouts in stereo!
The two-headed ogre seems to speed up.
This wand has 8 charges left.
Evoke which item? (* to show all) (? for menu, Esc to quit)
Aiming: Random Effects
Press: ? - help, Shift-Dir - straight line, f/p - two-headed ogre
Aim: a two-headed ogre, wielding two giant spiked clubs (fast)
The two-headed ogre flickers and vanishes!
Deactivating autopickup; reactivate with Ctrl-A.
This wand has 7 charges left.
Evoke which item? (* to show all) (? for menu, Esc to quit)
Aiming: Random Effects
Press: ? - help, Shift-Dir - straight line This wand has 6 charges left.
Something hits you. Something hits you but does no damage.
You hit something. You tail-slap something. Something hits you!!
Something barely misses you.
You sock something! Something hits you!! Something hits you!
* * * LOW HITPOINT WARNING * * *
Something hits you!!
You die...

..<.......# #.#.#
..........###.#.# .#
.........†....#.###.#
.........)..[†.......
.#######.####.#.###.###
.# #..............# .#
#.####.#.###.#.##.# ..
..........§§....... .
#........@.........
.........###.#.##.#
#.####.#.# .# # #.#.#
.# ..... .# ####.# .#
#.# .# ... .#


There were no monsters in sight!

Vanquished Creatures
  The ghost of IjonTichy1 the Sneak, a novice OpAs (D:5)
  Edmund (D:7)
  4 phantoms
  A boggart (shapeshifter) (D:6)
  5 centaurs
  4 big kobolds (Sewer)
  2 wyvern skeletons
  2 scorpions
  6 killer bees (D:7)
  2 crimson imps (D:6)
  A hound (shapeshifter) (D:6)
  A bullfrog zombie (D:7)
  A jelly (D:5)
  5 orc priests
  A hound (D:7)
  Crazy Yiuf (D:2)
  A bullfrog skeleton (D:4)
  An iguana (D:7)
  Natasha (thrice) (D:4)
  7 orc wizards
  A worker ant (D:6)
  A hound skeleton (D:4)
  9 mummies
  9 adders
  A shadow imp (D:7)
  3 oozes
  2 worms
  4 dart slugs
  4 leopard geckos
  12 orcs
  3 ball pythons
  11 bats
  5 giant cockroaches
  2 gnoll zombies (Ossuary)
  4 goblins
  9 hobgoblins
  14 jackals
  7 quokkas
  4 frilled lizards
  14 kobolds
  5 kobold zombies (Ossuary)
  A leopard gecko skeleton (D:4)
  An orc zombie (Ossuary)
  A quokka skeleton (D:4)
  3 rats
180 creatures vanquished.

Vanquished Creatures (collateral kills)
  An orc priest (D:6)
1 creature vanquished.

Vanquished Creatures (others)
  A kobold (Sewer)
1 creature vanquished.

Grand Total: 182 creatures vanquished

Notes
Turn   | Place    | Note
-------+----------+-------------------------------------------
     0 | D:1      | kraftydee the Draconian Artificer began the quest for the Orb.
     0 | D:1      | Reached XP level 1. HP: 16/16 MP: 3/3
   214 | D:1      | Reached XP level 2. HP: 14/23 MP: 4/4
  1069 | D:2      | Reached XP level 3. HP: 14/28 MP: 5/5
  1402 | D:2      | Found a runed door.
  1801 | D:2      | Noticed Crazy Yiuf
  1807 | D:2      | Killed Crazy Yiuf
  1807 | D:2      | Reached skill level 1 in Stealth
  1933 | D:3      | Reached XP level 4. HP: 24/35 MP: 6/6
  2317 | D:3      | Found a glowing drain.
  2380 | Sewer    | Entered a sewer
  2397 | Sewer    | Noticed a big kobold
  2448 | Sewer    | Killed a big kobold
  2448 | Sewer    | Reached XP level 5. HP: 16/41 MP: 6/8
  2773 | Sewer    | Reached skill level 1 in Staves
  2819 | Sewer    | Reached XP level 6. HP: 21/48 MP: 9/9
  2820 | Sewer    | Reached skill level 2 in Staves
  3904 | D:4      | Found a deep blue altar of Sif Muna.
  3916 | D:4      | Reached skill level 3 in Staves
  3964 | D:4      | Noticed Natasha
  3971 | D:4      | Killed Natasha
  3971 | D:4      | Reached skill level 5 in Evocations
  4036 | D:4      | Your scales start taking on a fiery red colour.
  4036 | D:4      | Reached XP level 7. HP: 55/56 MP: 10/10
  4036 | D:4      | Gained mutation: Your flesh is heat resistant. (rF+) [Red Draconian growth]
  4120 | D:4      | Noticed Natasha
  4124 | D:4      | Killed Natasha
  4232 | D:4      | Found a staircase to the Ecumenical Temple.
  4234 | D:4      | Reached skill level 4 in Staves
  4455 | Temple   | Entered the Ecumenical Temple
  4626 | Temple   | Became a worshipper of Qazlal Stormbringer
  4900 | D:4      | Noticed Natasha
  4912 | D:4      | Killed Natasha
  4923 | D:5      | Entered Level 5 of the Dungeon
  4954 | D:5      | Noticed IjonTichy1's ghost (novice OpAs)
  4971 | D:5      | Killed IjonTichy1's ghost
  4971 | D:5      | Reached skill level 5 in Staves
  4971 | D:5      | Reached XP level 8. HP: 63/63 MP: 12/12
  5357 | D:5      | Reached * piety under Qazlal
  5357 | D:5      | Reached skill level 6 in Staves
  5859 | D:6      | Noticed Edmund
  5888 | D:6      | Reached skill level 5 in Dodging
  5889 | D:6      | Reached skill level 7 in Staves
  6378 | D:7      | Killed Edmund
  6378 | D:7      | Reached XP level 9. HP: 49/72 MP: 13/13
  6589 | D:7      | Reached skill level 8 in Staves
  6897 | D:7      | Found a sand-covered staircase.
  6905 | Ossuary  | Entered an ossuary
  6914 | Ossuary  | Reached ** piety under Qazlal
  7265 | D:7      | Reached skill level 5 in Fighting
  7335 | D:7      | Reached skill level 9 in Staves
  7468 | D:8      | Noticed a two-headed ogre
  7477 | D:8      | Slain by a two-headed ogre

Skill      XL: |  1  2  3  4  5  6  7  8  9 |
---------------+----------------------------+-----
Dodging        | 2 3 4 5 |  5.6
Short Blades   | 2 |  2.0
Stealth        | 1 |  1.7
Evocations     | 4 5 6 |  6.4
Fighting       | 2 3 4 5 |  5.1
Staves         | 1 3 5 7 9 |  9.0

Action                   |  1- 3 |  4- 6 |  7- 9 || total
-------------------------+-------+-------+-------++-------
Melee: Short sword       |   119 |       |       ||   119
       Tailslap          |    16 |     3 |    31 ||    50
       Quarterstaff      |    13 |   100 |   265 ||   378
 Abil: Breathe Fire      |       |       |     2 ||     2
       Evoke Berserk Rag |       |       |     2 ||     2
Evoke: Wand              |    11 |    45 |    35 ||    91
  Use: Scroll            |     4 |     2 |    15 ||    21
       Potion            |     2 |     3 |     5 ||    10
 Stab: Confused          |     1 |       |     1 ||     2
       Paralysed         |       |     1 |     2 ||     3
       Sleeping          |       |     1 |     3 ||     4
       Petrifying        |       |       |     1 ||     1
       Petrified         |       |       |     1 ||     1
  Eat: Chunk             |     3 |     6 |     8 ||    17
       Fruit             |       |       |     2 ||     2
       Bread ration      |       |       |     1 ||     1
Armor: Skin              |    44 |    67 |    85 ||   196
Dodge: Dodged            |    90 |    95 |   181 ||   366
Block: Other             |       |       |    13 ||    13
